 Dungeon Crawl Stone Soup version 0.24-a0-446-g87df7205b4 (webtiles) character file.

Game seed: 3734209430423801340

93866 Inquire the Severer (level 16, -7/134 HPs)
             Began as a Hill Orc Fighter on June 22, 2019.
             Was the Champion of Makhleb.
             Mangled by a sea snake (15 damage)
             ... on level 1 of the Shoals on June 23, 2019.
             The game lasted 00:48:26 (24033 turns).

Inquire the Severer (Hill Orc Fighter)             Turns: 24033, Time: 00:48:26

Health: -7/134     AC: 22    Str: 26    XL:     16   Next: 9%
Magic:  27/27      EV: 10    Int:  8    God:    Makhleb [******]
Gold:   819        SH:  6    Dex:  8    Spells: 15/15 levels left

rFire    + . .     SeeInvis +   s - +2 eveningstar (freeze)
rCold    + + +     Gourm    .   L - +2 buckler
rNeg     + + .     Faith    .   G - +1 plate armour of Vyton {rPois rC++ MR+ Dex-2}
rPois    +         Spirit   .   b - +2 hat {SInv}
rElec    +         Reflect  .   r - scarf {rC+ rF+}
rCorr    .         Harm     .   a - +0 pair of gloves "Ydghoq" {*Drain rN++ MR+}
MR       ++++.     Clarity  +   T - +2 pair of boots Stlth ..........Rnd*Tele +
                                E - amulet of rage
HPRegen  0.32/turn              p - ring of protection from cold
MPRegen  0.20/turn              u - ring of protection from magic

@: no status effects
A: hooves 1, clarity, frail 1, mutation resistance 1, screaming 1, electricity
resistance, teleportitis 1, subdued magic 1
a: Minor Destruction, Lesser Servant of Makhleb, Major Destruction, Greater
Servant of Makhleb, Renounce Religion, Evoke Berserk Rage


You were on level 1 of the Shoals.
You worshipped Makhleb.
Makhleb was exalted by your worship.
You were not hungry.

You visited 7 branches of the dungeon, and saw 28 of its levels.
You also visited: Sewer, Gauntlet, Ice Cave and Volcano.

You collected 3171 gold pieces.
You spent 2352 gold pieces at shops.

Inventory:

Hand Weapons
 s - a +2 eveningstar of freezing (weapon)
 K - a +3 demon trident of electrocution
 N - a +6 battleaxe of chopping
Missiles
 k - 162 poisoned darts (quivered)
 l - 38 boomerangs
 w - 10 silver javelins
Armour
 a - the +0 pair of gloves "Ydghoq" (worn) {*Drain rN++ MR+}
   (You found it in a Gauntlet)

   It greatly protects you from negative energy.
   It affects your resistance to hostile enchantments.
   It causes draining when unequipped.
 b - a +2 hat of see invisible (worn)
 i - a +2 cloak of magic resistance
 m - a +2 pair of gloves
 r - a scarf of resistance (worn)
 G - the +1 plate armour of Vyton (worn) {rPois rC++ MR+ Dex-2}
   (You bought it in a shop on level 2 of the Orcish Mines)

   It affects your dexterity (-2).
   It greatly protects you from cold.
   It protects you from poison.
   It affects your resistance to hostile enchantments.
 L - a +2 buckler (worn)
 Q - a +2 chain mail of fire resistance
 T - a +2 pair of boots (worn)
Jewellery
 c - the ring of the Sunfish {rElec rC+}
   (You took it off a minotaur in a Gauntlet)

   [ring of protection from cold]

   It protects you from cold.
   It insulates you from electricity.
 p - a ring of protection from cold (left hand)
 u - a ring of protection from magic (right hand)
 y - an uncursed ring of flight
 E - an amulet of rage (around neck)
Wands
 t - a wand of digging (14)
 z - a wand of enslavement (11)
 B - a wand of disintegration (39)
 C - a wand of iceblast (13)
 F - a wand of flame (59)
 H - a wand of paralysis (32)
 I - a wand of polymorph (30)
Scrolls
 g - 17 scrolls of remove curse
 h - 2 scrolls of teleportation
 n - 3 scrolls of blinking
 q - a scroll of holy word
 v - 3 scrolls of amnesia
 D - 2 scrolls of fear
 S - 2 scrolls of fog
 U - 2 scrolls of magic mapping
 V - 2 scrolls of vulnerability
Potions
 d - 4 potions of heal wounds
 e - a potion of berserk rage
 j - 3 potions of curing
 o - 11 potions of flight
 x - 6 potions of cancellation
 A - 7 potions of magic
 J - a potion of agility
 P - a potion of might
 R - a potion of resistance
 X - a potion of ambrosia
Miscellaneous
 W - a lightning rod (4/4)
Comestibles
 f - 19 rations


   Skills:
 - Level 15.2 Fighting
 - Level 20.3(20.6) Axes
 * Level 4.1(12.5) Maces & Flails
 - Level 3.0(12.3) Polearms
 - Level 10.1 Armour
 - Level 7.9 Dodging
 - Level 4.1 Shields
 - Level 15.8 Invocations


You had 15 spell levels left.
You didn't know any spells.
Your spell library contained the following spells:

 Spells                   Type           Power        Failure   Level  Hunger
 Animate Skeleton         Necr           N/A          98%         1    ##.....
 Apportation              Tloc           #.....       98%         1    ##.....
 Confusing Touch          Hex            #.....       98%         1    ##.....
 Infusion                 Chrm           #...         98%         1    ##.....
 Pain                     Necr           #...         98%         1    ##.....
 Sandblast                Erth           #.....       98%         1    ##.....
 Summon Small Mammal      Summ           #...         98%         1    ##.....
 Passwall                 Tmut/Erth      #.......     99%         2    ###....
 Shroud of Golubria       Chrm/Tloc      #.....       99%         2    ###....
 Song of Slaying          Chrm           #.......     99%         2    ###....
 Confuse                  Hex            #.......     100%        3    ####...
 Gell's Gravitas          Tloc           #.........   100%        3    ####...
 Regeneration             Chrm/Necr      #.........   100%        3    ####...
 Spectral Weapon          Hex/Chrm       #.......     100%        3    ####...
 Stone Arrow              Conj/Erth      #.....       100%        3    ####...
 Vampiric Draining        Necr           #.........   100%        3    ####...
 Animate Dead             Necr           N/A          100%        4    #####..
 Ice Form                 Ice/Tmut       #.......     100%        4    #####..
 Petrify                  Tmut/Erth      #.......     100%        4    #####..
 Sticky Flame             Conj/Fire      #.......     100%        4    #####..
 Bolt of Magma            Conj/Fire/Erth #.........   100%        5    ######.
 Fireball                 Conj/Fire      #.........   100%        5    ######.
 Lee's Rapid Deconstruct  Erth           #.........   100%        5    ######.
 Metabolic Englaciation   Hex/Ice        #.........   100%        5    ######.
 Yara's Violent Unravell  Hex/Tmut       #.........   100%        5    ######.
 Bolt of Cold             Conj/Ice       #.........   100%        6    #######
 Freezing Cloud           Conj/Ice/Air   #.........   100%        6    #######
 Hydra Form               Tmut           #.........   100%        6    #######
 Ozocubu's Refrigeration  Ice            #.........   100%        6    #######
 Simulacrum               Ice/Necr       #.........   100%        6    #######


Dungeon Overview and Level Annotations

Branches:
Dungeon (15/15)            Temple (1/1) D:4            Lair (6/6) D:8
 Shoals (1/4) Lair:2       Spider (2/4) Lair:3        Slime (0/5) Lair:5
    Orc (2/2) D:11            Elf (1/3) Orc:2        Vaults (0/5) D:13
 Depths (0/5) D:15

Altars:
Ashenzari
Cheibriados
Dithmenos
Elyvilon
Fedhas
Gozag
Hepliaklqana
Kikubaaqudgha
Makhleb
Nemelex Xobeh
Okawaru
Qazlal
Ru
Sif Muna
Trog
Uskayaw
Vehumet
Wu Jian
Xom
Yredelemnul
Zin
The Shining One

Shops:
D:8 [   D:9 %   D:11 }?}   Orc:2 =}[[

Portals:
Trove: D:13 (give 18 potions of curing)

Annotations:
D:10 3 runed translucent doors, HAL9000's ghost, novice DrTm; syranez's ghost, journeyman OpEE
D:14 3 runed translucent doors, Tali's ghost, journeyman DsBe


Innate Abilities, Weirdness & Mutations

You have large cloven feet.
You possess an exceptional clarity of mind.
You are frail. (-10% HP)
You are somewhat resistant to further mutation.
You occasionally shout uncontrollably at your foes.
You are resistant to electric shocks. (rElec)
You are occasionally teleported next to monsters.
Your spells are a little easier to cast, but a little less powerful.


Message History

Unknown command.
Unknown command.
You hit the faun but do no damage.
The faun is heavily wounded.
The faun closely misses you. The faun barely misses you.
Your green death hits the faun!
The cyclops throws a large rock.
The large rock hits you!!!
* * * LOW HITPOINT WARNING * * *
The sea snake bites you but does no damage.
Unknown command.
Unknown command.
You barely miss the faun.
The faun is severely wounded.
You block the faun's attack. The faun barely misses you.
Your green death gestures at the faun.
The poison arrow hits the faun!!!
The faun looks as sick as possible!
The faun dies!
Makhleb accepts your kill. The sea snake bites you!
You die...

..≈≈≈≈≈...≈.# ...
..≈C≈≈≈≈..≈≈###...
≈≈≈≈≈≈≈≈..≈≈......
....≈≈≈..#..!.....
.....≈≈<(..(≈....#
.....≈≈≈≈(..≈...#
..##.≈≈≈≈.(.....#
#.≈≈≈≈.2..#....
...>≈≈≈S@)## ...
.......≈.).#
.....≈≈≈≈...c.
≈≈≈≈≈≈≈≈..).....
≈≈≈≈≈≈≈≈≈≈≈≈≈≈≈≈
≈≈≈≈≈...≈≈≈≈≈≈≈
≈≈≈≈≈.##≈≈?≈≈≈≈
≈≈≈≈≈. ≈≈≈≈≈≈≈


You could see a sea snake, a faun, a cyclops and a friendly green death.

Vanquished Creatures
  Nikola (Spider:1)
  Rupert (Lair:3)
  Gastronok (Lair:1)
  A frost giant (IceCv)
  An emperor scorpion (Spider:1)
  A fire dragon (D:14)
  2 hydras (Lair:6)
  4 vault guards (D:13)
  A two-headed ogre (D:10)
  2 centaur warriors (D:13)
  4 catoblepae
  10 death yaks
  A queen ant (Lair:3)
  5 orc high priests (Orc:2)
  Sonja (Lair:6)
  A soul eater (Gauntlet)
  An orange crystal statue (Gauntlet)
  A lindwurm (Lair:1)
  A wolf spider zombie (D:14)
  3 orc knights (Orc:2)
  3 ugly things
  3 orc sorcerers
  3 wolf spiders (Spider:1)
  3 cyclopes
  A faun (Shoals:1)
  3 manticores
  5 black mambas
  Maurice (D:11)
  An ice statue (IceCv)
  2 molten gargoyles (Volcano)
  A guardian serpent (D:13)
  A smoke demon (Volcano)
  A torpor snail (Lair:3)
  2 gargoyles
  11 spiny frogs
  7 komodo dragons
  A rime drake (IceCv)
  A red devil (Volcano)
  7 trolls
  4 jumping spiders
  12 polar bears (IceCv)
  A raiju (Gauntlet)
  A hornet (D:10)
  10 blink frogs (Lair:6)
  4 dream sheep (Lair:3)
  10 hippogriffs
  15 redbacks
  50 yaks
  2 wraiths
  A shadow (D:13)
  2 fire bats (Volcano)
  Grum (D:8)
  5 tarantellas
  5 basilisks
  7 humans (D:13)
  2 hungry ghosts
  6 soldier ants
  3 wargs
  9 water moccasins
  Duvessa (D:7)
  6 porcupines
  2 hell hounds (Volcano)
  11 ice beasts
  29 orc warriors
  5 sky beasts
  A black bear (Lair:4)
  A phantom (D:6)
  10 ogres
  2 necrophages
  22 wolves
  7 centaurs
  10 crocodiles
  8 big kobolds
  9 gnoll sergeants
  14 bullfrogs
  6 scorpions
  Dowan (D:7)
  8 killer bees
  14 wights
  A howler monkey (D:9)
  11 crimson imps
  4 lava snakes (Volcano)
  2 bullfrog zombies
  A centaur zombie (D:9)
  6 jellies
  4 hounds
  3 gnoll shamans
  A quasit (D:9)
  27 orc priests
  2 centaur skeletons
  2 bullfrog skeletons
  12 orc wizards
  An iguana (D:12)
  25 worker ants
  A lightning spire (Gauntlet)
  7 hell rats (Lair:2)
  A hound skeleton (D:7)
  A howler monkey zombie (D:6)
  A worker ant zombie (D:5)
  73 gnolls
  25 adders
  21 river rats
  4 shadow imps
  5 oozes
  An adder zombie (D:8)
  2 worms (D:2)
  3 dart slugs
  6 leopard geckos
  79 orcs
  8 giant cockroaches
  8 goblins
  14 hobgoblins
  24 jackals
  7 quokkas
  4 ball pythons
  4 bats (D:1)
  6 frilled lizards
  A jackal zombie (D:9)
  30 kobolds
  A leopard gecko skeleton (D:4)
  A leopard gecko zombie (D:6)
  3 quokka skeletons
  32 rats
  7 fungi
  5 plants (Lair:6)
904 creatures vanquished.

Vanquished Creatures (collateral kills)
  Asterion (Spider:1)
  Louise (Spider:1)
  A minotaur (Gauntlet)
  A deep elf archer (D:14)
  3 orc knights (Orc:2)
  2 orb spiders (Spider:1)
  A faun (Shoals:1)
  A moth of wrath (Spider:1)
  2 trolls
  2 dream sheep (Shoals:1)
  2 redbacks (Spider:1)
  A warg (Orc:2)
  5 orc warriors (Orc:2)
  An ogre (Orc:2)
  2 killer bees (D:9)
  A howler monkey (D:11)
  3 orc priests (Orc:2)
  4 orc wizards (Orc:2)
  4 orcs (Orc:2)
38 creatures vanquished.

Vanquished Creatures (others)
  A vault guard (D:13)
  An unseen horror (D:14)
  A tarantella (Spider:2)
  A fungus (Lair:6)
  10 plants
  4 withered plants (D:10)
18 creatures vanquished.

Grand Total: 960 creatures vanquished

Notes
Turn   | Place    | Note
-------+----------+-------------------------------------------
     0 | D:1      | Inquire the Hill Orc Fighter began the quest for the Orb.
     0 | D:1      | Reached XP level 1. HP: 19/19 MP: 1/1
    93 | D:1      | Reached skill level 3 in Axes
    93 | D:1      | Reached XP level 2. HP: 21/27 MP: 2/2
   315 | D:1      | Reached XP level 3. HP: 29/33 MP: 3/3
   733 | D:2      | Reached XP level 4. HP: 36/40 MP: 4/4
   809 | D:2      | Reached skill level 4 in Axes
  1050 | D:2      | Reached XP level 5. HP: 43/47 MP: 5/5
  1693 | D:3      | Reached skill level 5 in Axes
  1752 | D:3      | Reached XP level 6. HP: 53/55 MP: 6/6
  1810 | D:3      | Reached skill level 5 in Fighting
  1975 | D:3      | Gained mutation: You occasionally shout uncontrollably at
                  | your foes. [potion of mutation]
  1975 | D:3      | Gained mutation: You are resistant to electric shocks.
                  | (rElec) [potion of mutation]
  1975 | D:3      | Gained mutation: You possess an exceptional clarity of
                  | mind. [potion of mutation]
  1984 | D:3      | Reached skill level 6 in Axes
  2368 | D:4      | Reached XP level 7. HP: 22/61 MP: 7/7
  2691 | D:4      | Reached skill level 7 in Axes
  2691 | D:4      | Reached skill level 5 in Armour
  3071 | D:4      | Found a staircase to the Ecumenical Temple.
  3612 | D:3      | Reached skill level 1 in Dodging
  3710 | D:3      | Reached skill level 8 in Axes
  3723 | D:3      | Reached XP level 8. HP: 48/70 MP: 8/8
  4192 | Temple   | Entered the Ecumenical Temple
  4319 | Temple   | Became a worshipper of Makhleb the Destroyer
  4392 | D:5      | Entered Level 5 of the Dungeon
  4587 | D:5      | Reached skill level 1 in Invocations
  4944 | D:5      | Reached skill level 9 in Axes
  5399 | D:6      | Reached XP level 9. HP: 79/79 MP: 10/12
  5436 | D:6      | Found a glowing drain.
  5470 | Sewer    | Entered a sewer
  5516 | Sewer    | Reached * piety under Makhleb
  5579 | Sewer    | Reached skill level 10 in Axes
  5706 | Sewer    | Reached skill level 5 in Invocations
  5828 | Sewer    | Reached ** piety under Makhleb
  6458 | D:6      | Reached skill level 11 in Axes
  6656 | D:6      | Found a white marble altar of Elyvilon.
  6831 | D:7      | Noticed Duvessa
  6831 | D:7      | Noticed Dowan
  6855 | D:7      | Killed Dowan
  6860 | D:7      | Killed Duvessa
  6860 | D:7      | Reached *** piety under Makhleb
  7000 | D:7      | Reached XP level 10. HP: 83/90 MP: 16/16
  7448 | D:8      | Noticed Grum
  7461 | D:8      | Reached skill level 12 in Axes
  7543 | D:9      | Reached **** piety under Makhleb
  7615 | D:9      | Reached skill level 10 in Invocations
  7738 | D:9      | Reached skill level 13 in Axes
  7785 | D:9      | Found Zemosayvo's Food Shop.
  8130 | D:10     | Entered Level 10 of the Dungeon
  8202 | D:10     | Found a runed translucent gate.
  8202 | D:10     | Found a runed translucent gate.
  8202 | D:10     | Found a runed translucent gate.
  8206 | D:10     | Noticed syranez's ghost (journeyman OpEE)
  8206 | D:10     | Noticed HAL9000's ghost (novice DrTm)
  8292 | D:10     | Paralysed by a hornet for 2 turns
  8343 | D:10     | Got a transparent ivory ring
  8428 | D:10     | Reached XP level 11. HP: 92/99 MP: 19/19
  8603 | D:10     | Noticed a two-headed ogre
  8611 | D:10     | Killed a two-headed ogre
  8611 | D:10     | Reached skill level 10 in Fighting
  9066 | D:11     | Reached skill level 14 in Axes
  9239 | D:11     | Reached ***** piety under Makhleb
  9270 | D:11     | Found a staircase to the Orcish Mines.
  9357 | D:11     | Found Yzurodak's Gadget Shop.
  9395 | D:11     | Noticed Maurice
  9397 | D:11     | Identified the cursed +1 falchion of the Exiled Lies {vamp,
                  | Dex+5}
  9405 | D:11     | Killed Maurice
  9841 | D:11     | Found Gakud's Magic Scroll Emporium.
  9849 | D:11     | Bought a scroll of brand weapon for 360 gold pieces
  9887 | D:11     | Found Werphymoc's Gadget Shoppe.
  9906 | D:11     | Noticed a cyclops
  9930 | D:11     | Killed a cyclops
 10872 | D:12     | Noticed a cyclops
 10880 | D:12     | Killed a cyclops
 10880 | D:12     | Reached skill level 15 in Axes
 10994 | D:13     | Identified the ring "Ufege" {*Tele rPois Str+4} (You found
                  | it on level 10 of the Dungeon)
 11009 | D:13     | Noticed a centaur warrior
 11023 | D:13     | Killed a centaur warrior
 11023 | D:13     | Reached XP level 12. HP: 108/108 MP: 21/21
 11462 | D:13     | Noticed a centaur warrior
 11471 | D:13     | Killed a centaur warrior
 11480 | D:13     | Noticed a five-headed hydra
 11576 | D:13     | Found a portal to a secret trove of treasure.
 11717 | D:13     | Killed a vault guard
 11922 | D:13     | Noticed a vault guard
 11949 | D:13     | Killed a vault guard
 11968 | D:13     | Reached skill level 16 in Axes
 12051 | D:13     | Noticed a vault guard
 12066 | D:13     | Killed a vault guard
 12095 | D:13     | Noticed a vault guard
 12096 | D:13     | Noticed a vault guard
 12122 | D:13     | Got a steaming helmet
 12194 | D:14     | Identified the +2 helmet of Wiga {rPois Str-5 Int+3} (You
                  | found it on level 13 of the Dungeon)
 12226 | D:14     | Found a runed translucent gate.
 12226 | D:14     | Found a runed translucent gate.
 12226 | D:14     | Found a runed translucent gate.
 12337 | D:14     | Found a frozen archway.
 12368 | IceCv    | Entered an ice cave
 12502 | IceCv    | Reached skill level 17 in Axes
 12551 | IceCv    | Reached XP level 13. HP: 111/117 MP: 24/24
 12639 | IceCv    | Reached skill level 18 in Axes
 12747 | IceCv    | Reached ****** piety under Makhleb
 12788 | IceCv    | Noticed a frost giant
 12796 | IceCv    | Killed a frost giant
 12796 | IceCv    | Reached skill level 19 in Axes
 12827 | IceCv    | Got an iridescent hand axe
 12829 | IceCv    | Identified the +9 hand axe of the Unspeakable One {protect,
                  | Str+4 Stlth+} (You found it in an ice cave)
 13053 | D:14     | Noticed a fire dragon
 13073 | D:14     | Killed a fire dragon
 13565 | D:14     | Found a glowing golden altar of the Shining One.
 13729 | D:14     | Noticed Tali's ghost (journeyman DsBe)
 13750 | D:15     | Entered Level 15 of the Dungeon
 13754 | D:15     | Noticed a great orb of eyes
 13806 | D:13     | Killed a vault guard
 13812 | D:13     | Killed a vault guard
 14087 | D:13     | Found a gate to the Vaults.
 14211 | Orc:1    | Entered Level 1 of the Orcish Mines
 14232 | Orc:1    | Reached skill level 20 in Axes
 14352 | Orc:2    | Entered Level 2 of the Orcish Mines
 14980 | Orc:2    | Reached XP level 14. HP: 37/126 MP: 25/25
 15093 | Orc:2    | Found a staircase to the Elven Halls.
 15625 | Orc:2    | Found Lorokh's Armour Shop.
 15628 | Orc:2    | Found Mengud's Gadget Boutique.
 15629 | Orc:2    | Found Maregi's Armour Shop.
 15630 | Orc:2    | Found Waotuow's Jewellery Shop.
 15724 | Elf:1    | Entered Level 1 of the Elven Halls
 15727 | Orc:2    | Upgraded the game from 0.24-a0-445-gd5110b030a to
                  | 0.24-a0-446-g87df7205b4
 15800 | Orc:2    | Bought a +0 pair of boots for 49 gold pieces
 15808 | Orc:2    | Bought an uncursed amulet of rage for 600 gold pieces
 15817 | Orc:2    | Bought the cursed +1 plate armour of Vyton {rPois rC++ MR+
                  | Dex-2} for 881 gold pieces
 16042 | D:8      | Killed Grum
 16058 | D:8      | Found Canesauwi's Antique Armour Emporium.
 16369 | D:8      | Found a staircase to the Lair.
 16551 | Lair:1   | Entered Level 1 of the Lair of Beasts
 16675 | Lair:1   | Noticed Gastronok
 16688 | Lair:1   | Killed Gastronok
 17036 | Lair:1   | Found a dark tunnel.
 17055 | Volcano  | Entered a volcano
 17178 | Volcano  | Found a bloodstained altar of Trog.
 17180 | Volcano  | Noticed a cacodemon
 17183 | Volcano  | Gained mutation: You are frail. (-10% HP) [a cacodemon]
 17197 | Volcano  | Gained mutation: You sometimes yell uncontrollably at your
                  | foes. [a cacodemon]
 17201 | Volcano  | Gained mutation: You are very frail. (-20% HP) [a
                  | cacodemon]
 17301 | Volcano  | Lost mutation: You are very frail. (-20% HP) [potion of
                  | mutation]
 17301 | Volcano  | Lost mutation: You sometimes yell uncontrollably at your
                  | foes. [potion of mutation]
 17301 | Volcano  | Gained mutation: You are occasionally teleported next to
                  | monsters. [potion of mutation]
 17301 | Volcano  | Gained mutation: Your spells are a little easier to cast,
                  | but a little less powerful. [potion of mutation]
 17301 | Volcano  | Gained mutation: You have large cloven feet. [potion of
                  | mutation]
 17301 | Volcano  | Gained mutation: You are somewhat resistant to further
                  | mutation. [potion of mutation]
 17826 | Lair:2   | Found a staircase to the Shoals.
 18149 | Lair:2   | Reached skill level 5 in Dodging
 18591 | Lair:3   | Noticed Rupert
 18603 | Lair:3   | Killed Rupert
 19000 | Lair:3   | Found a hole to the Spider Nest.
 19053 | Lair:3   | Found a gate leading to a gauntlet.
 19103 | Gauntlet | Entered a Gauntlet
 19103 | Gauntlet | Found a transporter.
 19103 | Gauntlet | Found a transporter.
 19107 | Gauntlet | Found a transporter.
 19109 | Gauntlet | Found a transporter.
 19121 | Gauntlet | Found a transporter.
 19123 | Gauntlet | Found a transporter.
 19133 | Gauntlet | Found a transporter.
 19136 | Gauntlet | Found a transporter.
 19157 | Gauntlet | Found a transporter.
 19159 | Gauntlet | Found a transporter.
 19169 | Gauntlet | Found a transporter.
 19173 | Gauntlet | Found a transporter.
 19352 | Gauntlet | Reached XP level 15. HP: 123/123 MP: 15/26
 19353 | Gauntlet | Got a translucent steel ring
 19362 | Gauntlet | Identified the cursed ring of Vaukkoh {EV-3 Str+4} (You
                  | found it in a Gauntlet)
 19414 | Gauntlet | Got a pair of blackened gloves
 19419 | Gauntlet | Identified the +0 pair of gloves "Ydghoq" {*Drain rN++ MR+}
                  | (You found it in a Gauntlet)
 19457 | Gauntlet | Identified the ring of the Sunfish {rElec rC+}
 19470 | Gauntlet | Identified the Volume of Transmutation and Ignition
 20724 | Lair:5   | Found a staircase to the Slime Pits.
 20872 | Lair:5   | Found a stormy altar of Qazlal.
 20897 | Lair:5   | Reached skill level 10 in Armour
 21346 | Lair:6   | Entered Level 6 of the Lair of Beasts
 21559 | Lair:6   | Reached skill level 15 in Invocations
 21873 | Lair:6   | Noticed Sonja
 21891 | Lair:6   | Killed Sonja
 22318 | D:8      | Bought an encrusted scale mail for 225 gold pieces
 22318 | D:8      | Bought a ruby-encrusted chain mail for 237 gold pieces
 22318 | D:8      | Identified the cursed +0 scale mail of the Hills {rPois
                  | MR+++ Str-3} (You bought it in a shop on level 8 of the
                  | Dungeon)
 22330 | D:8      | Identified the cursed +1 chain mail "Oboec" {rC++} (You
                  | bought it in a shop on level 8 of the Dungeon)
 22436 | Spider:1 | Entered Level 1 of the Spider Nest
 22452 | Spider:1 | Reached skill level 15 in Fighting
 22452 | Spider:1 | Noticed Nikola
 22471 | Spider:1 | Killed Nikola
 22587 | Spider:1 | Noticed an emperor scorpion
 22606 | Spider:1 | Killed an emperor scorpion
 22657 | Spider:1 | Noticed Asterion
 22678 | Spider:1 | Killed Asterion
 22729 | Spider:1 | Reached skill level 1 in Polearms
 22776 | Spider:1 | Noticed Louise
 22792 | Spider:1 | Killed Louise
 22919 | Spider:1 | Reached XP level 16. HP: 127/134 MP: 27/27
 22936 | Spider:1 | Reached skill level 1 in Maces & Flails
 24009 | Shoals:1 | Entered Level 1 of the Shoals
 24033 | Shoals:1 | Mangled by a sea snake

Levels and vault maps discovered:
D:1:      dpeg_arrival_solitude, layout_basic
D:2:      layout_loops_corners, minmay_misc_feat_ornament, minmay_ruptured
D:3:      lemuel_castle_with_subvaults [lemuel_castle_interior_original],
          layout_loops_ring
D:4:      layout_basic, minmay_temple_entry_fiery
D:5:      layout_basic, first_ration, chequers_serial_rivers_small_3
D:6:      layout_loops_ring, lemuel_doored_altar, gup_sewer_entry_pipe
D:7:      layout_gridville, minmay_misc_feat_plants, kennysheep_dice,
          uniq_duvessa
D:8:      layout_cave_pools, david_lair_shrubbed, serial_shops, shop,
          blue_anna_alchemist [blue_anna_fruit_fields, blue_anna_fruit_fields],
          uniq_grum
D:9:      layout_rooms, serial_shops, nicolae_shop_crystal
D:10:     layout_long_grid, gammafunk_ghost_cemetery
D:11:     layout_roguey, kennysheep_orc_monster_closet_entryway, serial_shops,
          nicolae_shop_stone, nicolae_shop_trees, shop_fountains, uniq_maurice
D:12:     layout_rooms
D:13:     layout_roguey, ximxim_vaults_locker_room, enter_trove_6,
          nrook_guardian_serpent_double
D:14:     layout_roguey, basic_altar, minmay_misc_feat_diagonals,
          gammafunk_ghost_spectres, portal_ice_cave_entry_ice_beasts,
          minivault_20, dk_noncrumbling_3
D:15:     grunt_enter_depths_snipers, layout_stronghold, serial_bayou_ford_a,
          minmay_statues_item, uniq_kirke, uniq_agnes
Temple:   regret_index_temple_sigil_plot
Lair:1:   layout_chaotic_city, nicolae_volcano_entry_vermiform,
          grunt_forest_small_clearings, uniq_gastronok
Lair:2:   lemuel_ratsnest, layout_hall_layers, shoals_dummy_entry
Lair:3:   layout_gridlike, spider_nest_entry_webs, gauntlet_entry_generic,
          wad_woods_antlair, uniq_rupert
Lair:4:   layout_cave_pods, st_stairs_13
Lair:5:   layout_cave_pods, nicolae_slime_entry_slimehenge, basic_altar
Lair:6:   evilmike_catoblepas_cave, layout_misc_corridors,
          chequers_serial_rivers_micro_d, uniq_sonja
Shoals:1: layout_shoals
Spider:1: layout_spider_delve, nicolae_spider_webs_and_nodes, uniq_nikola,
          uniq_asterion, uniq_louise
Spider:2: layout_spider_delve, uniq_arachne
Orc:1:    layout_caves, serial_shops, shop, uniq_josephine
Orc:2:    st_orc_pillars, layout_caves
Elf:1:    eino_elf_arrival_customs, layout_gridlike, serial_shops,
          nicolae_shop_temple_entry_statues_fountains, evilmike_minifort,
          nicolae_elf_glass_and_crystal_pillar_2, nicolae_elf_stone_circles

Skill      XL: |  1  2  3  4  5  6  7  8  9 10 11 12 13 14 15 16 |
---------------+-------------------------------------------------+-----
Axes           | 3 4 5 6 8 9 11 13 15 17 20 | 20.3
Fighting       | 4 5 6 7 8 9 10 11 12 13 15 | 15.2
Shields        | 4 |  4.1
Armour         | 4 5 6 9 10 | 10.1
Dodging        | 1 2 5 7 |  7.9
Invocations    | 4 8 10 13 14 15 | 15.8
Polearms       | 3 |  3.0
Maces & Flails | 4 |  4.1

Action                   |  1- 3 |  4- 6 |  7- 9 | 10-12 | 13-15 | 16-18 || total
-------------------------+-------+-------+-------+-------+-------+-------++-------
Melee: War axe           |   110 |   217 |    27 |       |       |       ||   354
       Broad axe         |       |       |   522 |   603 |       |       ||  1125
       Battleaxe         |       |       |       |    76 |  1026 |       ||  1102
       Demon trident     |       |       |       |       |    19 |       ||    19
       Eveningstar       |       |       |       |       |    14 |    66 ||    80
Throw: Dart              |       |    11 |     7 |     1 |       |       ||    19
Invok: Lesser Servant of |       |       |       |     4 |     2 |       ||     6
       Major Destruction |       |       |       |     9 |     7 |       ||    16
       Greater Servant o |       |       |       |       |     7 |     1 ||     8
 Abil: Evoke Berserk Rag |       |       |       |       |     8 |       ||     8
Evoke: Wand              |       |       |     1 |    30 |    23 |       ||    54
  Use: Scroll            |     5 |     3 |     4 |    17 |    18 |     3 ||    50
       Potion            |     1 |     6 |     1 |    10 |    14 |     4 ||    36
 Stab: Invisible         |       |       |       |    13 |       |       ||    13
       Distracted        |       |       |       |     1 |     3 |       ||     4
       Confused          |       |       |       |       |     1 |       ||     1
       Petrified         |       |       |       |       |     5 |       ||     5
  Eat: Chunk             |       |     5 |    16 |    10 |    10 |     1 ||    42
       Ration            |       |       |       |     8 |     8 |     2 ||    18
Armor: Scale mail        |    51 |    36 |       |       |       |       ||    87
       Plate armour      |       |   160 |   433 |   552 |   562 |   100 ||  1807
       Skin              |       |       |       |    19 |       |       ||    19
Dodge: Dodged            |    50 |    93 |   221 |   314 |   331 |    58 ||  1067
Block: Shield            |    18 |       |       |       |       |       ||    18
       Buckler           |       |       |       |       |       |    22 ||    22

Table legend:
 A = Non-vault XP
 B = Vault XP
 C = Vault XP percentage of total XP
 D = Non-vault monster count
 E = Vault monster count
 F = Vault count percentage of total count
                 A         B        C        D         E       F
            +---------+---------+-------+---------+---------+-------
      Total |   62745 |   71350 |  53.2 |     540 |     391 |  42.0
            +---------+---------+-------+---------+---------+-------
        D:1 |      47 |       0 |   0.0 |      24 |       0 |   0.0
        D:2 |     129 |      19 |  12.8 |      29 |       3 |   9.4
        D:3 |     196 |     821 |  80.7 |      19 |      61 |  76.2
        D:4 |     313 |      14 |   4.3 |      19 |       1 |   5.0
        D:5 |     424 |       0 |   0.0 |       9 |       0 |   0.0
        D:6 |    1485 |      13 |   0.9 |      33 |       6 |  15.4
        D:7 |    1113 |     212 |  16.0 |      28 |       2 |   6.7
        D:8 |     772 |     886 |  53.4 |      27 |       5 |  15.6
        D:9 |    2746 |     111 |   3.9 |      44 |       1 |   2.2
       D:10 |    3228 |       0 |   0.0 |      28 |       0 |   0.0
       D:11 |    2647 |    2197 |  45.4 |      30 |      21 |  41.2
       D:12 |    1573 |       0 |   0.0 |      17 |       0 |   0.0
       D:13 |    5477 |    5632 |  50.7 |      21 |      12 |  36.4
       D:14 |    2592 |    2539 |  49.5 |      12 |      10 |  45.5
     Lair:1 |    2550 |    2689 |  51.3 |      14 |       2 |  12.5
     Lair:2 |    3708 |     420 |  10.2 |      18 |      33 |  64.7
     Lair:3 |    4779 |    4947 |  50.9 |      21 |      15 |  41.7
     Lair:4 |    2564 |     411 |  13.8 |      13 |       1 |   7.1
     Lair:5 |    2159 |     150 |   6.5 |       4 |       6 |  60.0
     Lair:6 |    9088 |   13762 |  60.2 |      29 |      24 |  45.3
   Shoals:1 |    1945 |       0 |   0.0 |       6 |       0 |   0.0
   Spider:1 |    8309 |    6134 |  42.5 |      27 |       3 |  10.0
   Spider:2 |    1250 |       0 |   0.0 |       5 |       0 |   0.0
      Orc:1 |     849 |       0 |   0.0 |      17 |       0 |   0.0
      Orc:2 |    2802 |    9619 |  77.4 |      46 |      61 |  57.0
      Sewer |       0 |     506 | 100.0 |       0 |      48 | 100.0
      IceCv |       0 |   13923 | 100.0 |       0 |      54 | 100.0
    Volcano |       0 |    3727 | 100.0 |       0 |      14 | 100.0
   Gauntlet |       0 |    2618 | 100.0 |       0 |       8 | 100.0
            +---------+---------+-------+---------+---------+-------
